Map: Вечная империя РВ

Players

ИИ 1 (эксперт) - Winner!

  • Race: Protoss Protoss

Doll

  • Race: Terran Terran

VOD

Have the link to the VOD?

Description

Time

  • Played on: July 25, 2021, 5:02 a.m.
  • Length: 9:45
Show
View Real Time Build Order
Export as new Build Order

ИИ 1 (эксперт) Protoss - Winner!

Build Orders: Zealot Archon, Colossus Rush 

Get SALT Encoding   

  12  0:00  Probe  
  13  0:13  Probe  
  14  0:20  Pylon  
  14  0:25  Probe  
  15  0:34  Probe  
  15  0:42  Probe  
  16  0:47  Assimilator  
  17  0:51  Gateway  
  17  0:52  Probe  
  18  1:00  Pylon, Probe  
  19  1:08  Probe  
  19  1:18  Probe  
  21  1:30  Probe  
  22  1:39  Zealot  
  24  1:42  Probe  
  25  1:48  Nexus  
  25  1:59  Probe, Cybernetics Core  
  26  2:07  Probe  
  26  2:15  Probe  
  28  2:26  Pylon  
  28  2:27  Probe  
  29  2:35  Warp Gate  
  29  2:36  Stalker  
  31  2:38  Gateway  
  31  2:41  Assimilator  
  31  2:44  Probe  
  32  2:54  Probe  
  32  2:57  Pylon  
  33  3:00  Probe  
  33  3:05  Probe  
  34  3:06  Adept  
  38  3:12  Probe  
  38  3:20  Robotics Facility  
  38  3:24  Probe  
  38  3:25  Adept  
  41  3:28  Probe  
  42  3:36  Probe, Adept  
  42  3:40  Probe  
  46  3:48  Probe  
  47  3:52  Probe  
  47  3:55  Adept  
  50  3:57  Probe  
  51  4:04  Probe  
  51  4:05  Probe  
  51  4:06  Adept  
  51  4:09  Robotics Bay  
  55  4:11  Observer  
  55  4:12  Pylon  
  55  4:16  Probe x2  
  57  4:17  Robotics Facility  
  57  4:23  Pylon  
  58  4:33  Adept  
  58  4:36  Pylon, Probe  
  58  4:37  Probe  
  62  4:44  Stalker  
  64  4:53  Stalker, Gateway  
  66  5:06  Pylon  
  66  5:07  Zealot  
  66  5:10  Colossus  
  74  5:16  Zealot  
  74  5:21  Pylon, Zealot  
  78  5:30  Zealot  
  80  5:44  Gateway  
  80  5:45  Stalker, Probe x2  
  80  5:46  Assimilator  
  80  5:48  Twilight Council  
  84  5:51  Forge  
  84  5:53  Assimilator  
  84  5:56  Nexus, Forge  
  84  5:57  Probe  
  84  5:59  Sentry  
  87  6:06  Probe  
  87  6:08  Probe  
  87  6:10  Pylon  
  89  6:14  Probe  
  90  6:27  Templar Archives  
  90  6:40  Pylon  
  90  6:57  Stalker  
  90  6:59  Photon Cannon  
  90  7:01  Pylon, Photon Cannon  
  92  7:03  Stalker  
  92  7:04  High Templar x2  
  92  7:07  Probe  
  98  7:09  Probe x2  
  98  7:15  Probe  
  101  7:20  Stalker  
  101  7:21  Probe x2, Assimilator  
  101  7:22  Pylon  
  106  7:23  Probe, Archon  
  106  7:26  Photon Cannon, High Templar  
  106  7:27  Stalker  
  106  7:28  Assimilator  
  111  7:33  Probe, Photon Cannon  
  111  7:34  Probe  
  111  7:35  Probe  
  111  7:36  Sentry  
  116  7:45  Probe  
  116  7:48  Probe  
  116  7:49  Probe, High Templar  
  116  7:50  Photon Cannon  
  121  7:57  Pylon, Probe  
  122  8:00  Probe x2  
  124  8:08  Stalker, Probe, Archon  
  124  8:09  Probe  
  124  8:12  Probe  
  128  8:15  High Templar  
  128  8:17  Photon Cannon  
  131  8:20  Photon Cannon  
  131  8:25  High Templar  
  133  8:27  Stalker  
  135  8:37  Warp Prism  
  137  8:41  Archon  
  137  8:48  Pylon  
  137  8:49  High Templar  
  137  8:51  Photon Cannon  
  139  8:55  Zealot  
  139  8:56  Zealot  
  139  8:57  Zealot  
  139  8:59  Nexus, Gateway  
  121  9:15  Zealot  
  121  9:16  Zealot  
  109  9:17  High Templar  
  109  9:19  Zealot  
  95  9:32  Photon Cannon  
  95  9:33  Stalker  
  95  9:35  Adept  
  95  9:36  Stalker  
  93  9:45  Pylon  
Show
View Real Time Build Order
Export as new Build Order

Doll Terran 

Build Orders: Command Center First (CC) 

Get SALT Encoding   

  12  0:00  SCV  
  13  0:17  Supply Depot  
  13  0:18  SCV  
  14  0:30  SCV  
  16  0:42  SCV  
  16  0:58  Command Center  
  16  1:02  SCV  
  17  1:15  Barracks  
  17  1:16  SCV  
  18  1:29  Barracks  
  18  1:32  SCV  
  19  1:42  Barracks  
  19  1:45  SCV  
  20  1:54  Refinery  
  20  1:58  SCV  
  21  2:02  Marine  
  22  2:11  SCV  
  22  2:13  Orbital Command  
  23  2:21  Marine, Refinery  
  24  2:24  Marine  
  24  2:28  SCV  
  26  2:31  Marine  
  27  2:39  SCV  
  27  2:40  Marine  
  27  2:42  Marine  
  30  2:50  Barracks Tech Lab, Supply Depot  
  30  2:52  SCV  
  30  2:54  SCV  
  32  2:59  Marine  
  32  3:00  Marine  
  34  3:06  SCV  
  34  3:07  Bunker  
  34  3:09  SCV  
  34  3:11  Marine  
  37  3:17  Stimpack  
  37  3:18  Marine  
  38  3:21  SCV  
  38  3:23  SCV  
  38  3:25  Barracks Tech Lab  
  40  3:30  Marauder  
  43  3:34  SCV  
  43  3:36  SCV  
  43  3:38  Marine  
  45  3:44  Supply Depot  
  45  3:45  Combat Shield  
  45  3:48  SCV  
  46  3:57  Engineering Bay  
  46  4:00  Barracks Tech Lab, Supply Depot  
  46  4:07  Marauder  
  46  4:08  Marauder  
  50  4:10  SCV  
  50  4:11  SCV  
  52  4:19  Marine, Ghost Academy  
  52  4:23  Terran Infantry Weapons Level 1  
  53  4:25  SCV  
  53  4:26  SCV  
  53  4:31  Marauder, Marine  
  57  4:37  Orbital Command  
  58  4:40  SCV  
  58  4:41  Marauder  
  61  4:51  Factory  
  61  4:54  SCV  
  62  5:00  Supply Depot  
  62  5:01  Supply Depot  
  62  5:08  Factory  
  62  5:19  Refinery  
  62  5:20  Refinery  
  62  5:21  SCV  
  62  5:22  SCV  
  62  5:26  Command Center  
  62  5:28  Marine  
  67  5:29  Marine  
  67  5:34  Concussive Shells  
  67  5:35  Factory Tech Lab  
  68  5:37  SCV x2  
  70  5:47  Marine  
  71  5:51  Supply Depot  
  71  5:53  Marine  
  71  5:55  Unknown, Starport  
  72  5:58  Hellion x2  
  78  6:04  Supply Depot  
  78  6:07  Engineering Bay  
  78  6:17  Marauder  
  82  6:20  SCV x2  
  82  6:21  Factory Tech Lab  
  84  6:28  Unknown  
  84  6:30  Starport  
  84  6:31  Marine  
  85  6:33  Medivac  
  85  6:38  SCV  
  85  6:39  SCV  
  89  6:40  Marine  
  89  6:42  Unknown  
  89  6:44  Barracks  
  89  6:45  Barracks  
  89  6:47  Personal Cloaking  
  90  6:48  SCV  
  90  6:53  SCV x2, Supply Depot  
  93  6:54  Marine  
  93  6:55  Marine  
  93  6:58  Hellion  
  97  7:02  Marine  
  97  7:03  Hellion  
  97  7:04  Starport Tech Lab  
  97  7:06  SCV  
  97  7:07  SCV  
  97  7:08  Starport Tech Lab  
  102  7:10  SCV  
  102  7:13  Terran Infantry Armor Level 1  
  103  7:22  SCV x2  
  105  7:24  Orbital Command  
  105  7:28  Siege Tank x2  
  111  7:31  Marauder, Barracks Tech Lab  
  111  7:32  Marine  
  111  7:33  Barracks Tech Lab  
  111  7:35  SCV  
  111  7:36  SCV  
  116  7:41  Supply Depot  
  116  7:44  Supply Depot  
  116  7:51  Armory  
  116  7:55  Supply Depot  
  116  7:58  Refinery  
  116  8:00  Refinery  
  116  8:11  Marine, Medivac  
  123  8:12  Marine  
  123  8:13  Marine  
  125  8:37  Unknown x2  
Tags
 
Add a new tag
Caveats
  • Supply blocks, unpowered buildings, or Contaminate may cause inaccurate times.
  • Supply counts are checked every 10 seconds.